 Dungeon Crawl Stone Soup version 0.30-a0-1018-g25214051b3 (webtiles) character file.

Game seed: 14147950406888961889

93 Iniera the Conjurer (level 4, -5/24 HPs)
             Began as a Deep Elf Conjurer on Apr 7, 2023.
             Was a Follower of Vehumet.
             Slain by Ijyb
             ... wielding a +5 club
              (7 damage)
             ... on level 3 of the Dungeon.
             The game lasted 00:02:15 (2039 turns).

Iniera the Conjurer (Deep Elf Conjurer)             Turns: 2039, Time: 00:02:16

Health: -5/24      AC:  3    Str:  4    XL:     4   Next: 36%
Magic:  9/11       EV: 12    Int: 25    God:    Vehumet [*.....]
Gold:   44         SH:  0    Dex: 13    Spells: 7/10 levels left

rFire   + . .      SeeInvis .    o - +0 short sword
rCold   . . .      Faith    .    (no shield)
rNeg    . . .      Spirit   .    a - +0 robe
rPois   .          Reflect  .    (no helmet)
rElec   .          Rampage  .    (no cloak)
rCorr   .                        (no gloves)
Will    .....                    g - +0 pair of boots
Stlth   ++                       (no amulet)
HPRegen 0.24/turn                c - ring of protection from fire
MPRegen 0.12/turn                (no ring)

@: no status effects
A: no striking features
a: Renounce Religion


You were on level 3 of the Dungeon.
You worshipped Vehumet.
Vehumet was aware of your devotion.
You visited 1 branch of the dungeon, and saw 3 of its levels.

You collected 44 gold pieces.

Inventory:

Hand Weapons
 o - a +0 short sword (weapon)
Armour
 a - a +0 robe (worn)
 g - a +0 pair of boots (worn)
Jewellery
 c - a ring of protection from fire (left hand)
Scrolls
 d - a scroll of noise {unknown}
 f - a scroll of identify {unknown}
 j - a scroll of acquirement {unknown}
 l - a scroll of magic mapping {unknown}
 n - a scroll of silence {unknown}
 q - 2 scrolls of vulnerability {unknown}
Potions
 b - a potion of magic
 e - a potion of flight {unknown}
 h - a potion of resistance {unknown}
 i - a potion of curing
 k - a potion of degeneration {unknown}
 m - 2 potions of brilliance {unknown}
 p - a potion of heal wounds {unknown}


   Skills:
 - Level 2.4 Dodging
 - Level 2.4 Stealth
 + Level 3.8 Spellcasting
 + Level 5.6 Conjurations
 + Level 1.6 Hexes
 + Level 1.2 Translocations


You had 7 spell levels left.
You knew the following spells:

 Your Spells              Type           Power      Damage    Failure   Level
a - Magic Dart            Conj           100%       1d8       1%          1
b - Searing Ray           Conj           66%        2d6       1%          2

Your spell library contained the following spells:

 Spells                   Type           Power      Damage    Failure   Level
 Foxfire                  Conj/Fire      72%        2x1d7     3%          1
 Kiss of Death            Conj/Necr      72%        2d10      3%          1
 Dazzling Flash           Conj/Hex       46%        N/A       6%          3
 Stone Arrow              Conj/Erth      36%        3d9       9%          3
 Beastly Appendage        Tmut           8%         N/A       10%         1
 Cigotuvi's Dreadful Rot  Necr/Pois/Air  8%         N/A       14%         2
 Wereblood                Tmut           4%         N/A       14%         2
 Fulminant Prism          Conj/Hex       11%        3d9       21%         4
 Iskenderun's Mystic Bla  Conj/Tloc      22%        2d6       22%         4
 Spider Form              Tmut/Pois      4%         N/A       28%         3
 Animate Armour           Summ/Erth      8%         N/A       67%         4
 Dispel Undead            Necr           4%         3d7       67%         4
 Death Channel            Necr           2%         N/A       100%        6
 Lehudib's Crystal Spear  Conj/Erth      9%         10d4      100%        8


Dungeon Overview and Level Annotations

Branches:
Dungeon (3/15)

Altars:
Vehumet

Annotations:
D:3 Ijyb


Message History

Confirm with . or Enter, or press ? or * to list all spells.
Restarting spell: Searing Ray (safe; 1% risk of failure)
Press: ? - help, Shift-Dir - straight line, f/p - Ijyb
Aim: Ijyb, wielding a +5 club, wearing a +0 leather armour and carrying a wand of iceblast (6) (heavily wounded, 76% to hit)
The searing ray hits Ijyb.
Ijyb is severely wounded. (Press . to maintain the ray.) Ijyb drinks a potion.
Ijyb is healed!
The searing ray hits Ijyb but does no damage.
Ijyb is moderately wounded.
The searing ray hits the orc!
You kill the orc!
Vehumet accepts your kill. Ijyb closely misses you.
The searing ray hits Ijyb but does no damage.
Ijyb is moderately wounded.
The searing ray hits the orc.
The orc is almost dead.
An orc comes into view. It is wielding a +0 mace.
Ijyb hits you with a +5 club. Ijyb attacks as you move away!
Ijyb hits you with a +5 club. The orc attacks as you move away!
The orc closely misses you. Ijyb attacks as you move away!
Ijyb hits you with a +5 club.
Okay, then.
Ijyb attacks as you move away! Ijyb barely misses you.
Magic courses through your body. Ijyb hits you with a +5 club!
* * * LOW HITPOINT WARNING * * *
Casting: Searing Ray (safe; 1% risk of failure)
Confirm with . or Enter, or press ? or * to list all spells.
Aiming: Searing Ray (safe; 1% risk of failure)
Press: ? - help, Shift-Dir - straight line, f/p - Ijyb
Aim: Ijyb, wielding a +5 club, wearing a +0 leather armour and carrying a wand of iceblast (6) (moderately wounded, 76% to hit)
The searing ray hits Ijyb!
Ijyb is severely wounded.
The searing ray hits the orc!
You kill the orc!
Vehumet accepts your kill. (Press . to maintain the ray.) Ijyb hits you with a +5 club!
You die...

##### ##### ## ...#
#... .#
######.######^# .#
..............######.#
##.###.###......@g).$#
#.# ##########..# #
#.# #..# ##.###.# #).#
....<..# #).. ##.#####
##.## # .# o# .#


You could see Ijyb.

Vanquished Creatures
  A jelly (D:3)
  An adder (D:2)
  2 worms (D:2)
  4 orcs (D:3)
  3 bats
  7 endoplasms
  A giant cockroach (D:1)
  2 goblins
  2 hobgoblins
  7 jackals
  A quokka (D:1)
  6 ball pythons
  2 frilled lizards
  2 kobolds
  3 rats (D:1)
44 creatures vanquished.

Notes
Turn   | Place    | Note
-------+----------+-------------------------------------------
     0 | D:1      | Iniera the Deep Elf Conjurer began the quest for the Orb.
     0 | D:1      | Reached XP level 1. HP: 10/10 MP: 6/6
   310 | D:1      | Reached XP level 2. HP: 15/15 MP: 6/8
   313 | D:1      | Learned a level 2 spell: Searing Ray
   334 | D:1      | Reached skill level 5 in Conjurations
   710 | D:1      | Found a faded altar of an unknown god.
   728 | D:1      | Got Plato's Enchiridion on Exhumation
   734 | D:1      | Prayed at the altar of an unknown god.
   734 | D:1      | Became a worshipper of Vehumet
   734 | D:1      | Reached * piety under Vehumet
   734 | D:1      | Offered knowledge of Foxfire by Vehumet.
   970 | D:2      | Reached XP level 3. HP: 19/19 MP: 7/9
  1264 | D:2      | Reached skill level 1 in Hexes
  1992 | D:3      | Reached skill level 1 in Translocations
  1992 | D:3      | Reached XP level 4. HP: 24/24 MP: 8/11
  2027 | D:3      | Noticed Ijyb
  2039 | D:3      | Slain by Ijyb

Illustrated notes

Levels and vault maps discovered:
D:1:      minmay_arrival_three_doors, layout_loops_cross,
          shapermc_ecumenical_altar_rom_forum
D:2:      layout_basic, minmay_diced_spiral
D:3:      layout_loops_ring, uniq_ijyb

Skill      XL: |  1  2  3 |
---------------+----------+-----
Conjurations   | 5 |  5.6
Hexes          | 1 |  1.6
Translocations | 1 |  1.2
Dodging        | |  2.4
Stealth        | |  2.4
Spellcasting   | |  3.8

Action                     |  1- 3 |  4- 6 || total
---------------------------+-------+-------++-------
  Melee: Unarmed           |     3 |       ||     3
   Cast: Magic Dart        |    78 |     2 ||    80
         Searing Ray       |     1 |     3 ||     4
    Use: Potion            |       |     1 ||     1
 Armour: Robe              |     3 |       ||     3
  Dodge: Dodged            |     5 |     3 ||     8

Table legend: (Time is in decaauts)
 A = Elapsed time spent in this place.
 B = Non-inter-level travel time spent in this place.
 C = Inter-level travel time spent in this place.
 D = Time resting spent in this place.
 E = Time spent auto-exploring this place.
 F = Levels seen in this place.
 G = Mean time per level.
                   A        B        C        D        E       F      G
               +--------+--------+--------+--------+--------+-----+--------+
         Total |   2037 |   1958 |     79 |     68 |   1701 |   3 |  679.0 |
       Dungeon |   2037 |   1958 |     79 |     68 |   1701 |   3 |  679.0 |
               +--------+--------+--------+--------+--------+-----+--------+

Top non-repeatable levels by time:
     D:2: 1011 daAuts
     D:1: 966 daAuts
     D:3: 59 daAuts
